 Dungeon Sprint DCSS version 0.31-a0-7-g51783674b7 (webtiles) character file.

Game seed: 2060453327794234984

1208 sircluck the Cleaver (level 8, -16/123 HPs)
             Began as a Hill Orc Fighter on May 5, 2023.
             Was an Initiate of Nemelex Xobeh.
             Demolished by Sonja
             ... wielding a +2 short sword of distortion
              (18 damage)
             ... in the Dungeon (Sprint I: "Red Sonja").
             The game lasted 00:02:44 (645 turns).

sircluck the Cleaver (Hill Orc Fighter)              Turns: 645, Time: 00:02:45

Health: -16/123    AC: 15    Str: 21    XL:     8   Next: 45%
Magic:  8/8        EV: 11    Int:  8    God:    Nemelex Xobeh [......]
Gold:   419        SH:  6    Dex: 16    Spells: 7/7 levels left

rFire   . . .        a - +0 war axe
rCold   . . .        c - +0 buckler
rNeg    . . .        l - +4 ring mail {Will+}
rPois   .            (no helmet)
rElec   .            (no cloak)
rCorr   .            (no gloves)
SInv    .            (no boots)
Will    +....        (no amulet) Stlth
                     n - +6 ring of dexterity
HPRegen 0.40/turn    m - +4 ring of protection
MPRegen 0.11/turn

%: no teleportation
@: berserking (expiring), very quick
A: no striking features
a: Renounce Religion, Draw Escape, Draw Destruction, Draw Summoning


You were in the Dungeon.
You worshipped Nemelex Xobeh.
Nemelex Xobeh was noncommittal.
You visited 1 branch You collected 419 gold pieces.

Inventory:

Hand Weapons
 a - a +0 war axe (weapon)
Armour
 b - a +0 scale mail
 c - a +0 buckler (worn)
 l - a +4 ring mail of willpower (worn)
Jewellery
 m - a +4 ring of protection (right hand)
 n - a +6 ring of dexterity (left hand)
Wands
 k - a wand of flame (12)
Potions
 d - a potion of might
 g - a potion of haste
 h - 2 potions of magic


   Skills:
 + Level 11.5 Fighting
 + Level 12.9 Axes
 + Level 10.5 Armour
 + Level 1.7 Dodging
 + Level 9.3 Shields
 + Level 1.5 Evocations


You had 7 spell levels left.
You didn't know any spells.
Your spell library was empty.

Dungeon Overview and Level Annotations

Branches:
Dungeon (1/1)

Altars:
Cheibriados
Dithmenos
Elyvilon
Fedhas
Gozag
Hepliaklqana
Kikubaaqudgha
Makhleb
Nemelex Xobeh
Okawaru
Qazlal
Ru
Sif Muna
Trog
Uskayaw
Vehumet
Wu Jian
Xom
Yredelemnul
Zin
The Shining One
Jiyva
Lugonu

Shops:
D :

Annotations:
D Sonja


Message History

Space warps around you. Sonja misses you.
Sonja hits you with a +2 short sword of distortion.
* * * LOW HITPOINT WARNING * * *
Space warps horribly around you.
* * * LOW HITPOINT WARNING * * *
Sonja hits you with a +2 short sword of distortion.
* * * LOW HITPOINT WARNING * * *
Space warps horribly around you!
* * * LOW HITPOINT WARNING * * *
You block Sonja's attack. Sonja attacks as you move away!
You block Sonja's attack. Sonja hits you but does no damage.
Space warps around you.
* * * LOW HITPOINT WARNING * * *
You block Sonja's attack.
Sonja throws a curare-tipped dart.
The curare-tipped dart barely misses you.
You see here 27 gold pieces.
You feel better.
A red film seems to cover your vision as you go berserk!
You feel yourself moving faster!
You feel mighty!
Sonja gestures wildly while chanting.
Sonja blinks!
Unknown command.
You feel a strong urge to attack something.
Sonja misses you. You block Sonja's attack. x2
There is an open door, spattered with blood here.
You slice Sonja!!
Sonja is severely wounded.
Sonja mumbles some strange words.
Sonja blinks!
You block Sonja's attack. Sonja hits you but does no damage.
Space warps horribly around you!
* * * LOW HITPOINT WARNING * * *
Sonja barely misses you.
You miss Sonja.
Sonja is severely wounded.
Sonja hits you but does no damage. Space warps around you.
* * * LOW HITPOINT WARNING * * *
Sonja hits you but does no damage. Space warps horribly around you!!
You die...
Your body disappears without a glow.

#..').#..').#..'..'..#...#
#..#####'#####'#__####...+
#..####..#...#.#### #####
#..#__####..##.#
#..#_____##'#_.+
#⌠⌠#_.∩...'..)_#
####_..__##_§#'#
#_____###'#.#
#########@### +$.K+ #$.$#
##.## #+#


You could see Sonja.

Vanquished Creatures
  2 kobold demonologists (D)
  A slime creature (D)
  Sigmund (D)
  A yak (D)
  A floating eye (D)
  An ogre (D)
  A jelly (D)
  Ijyb (D)
9 creatures vanquished.

Notes
Turn   | Place    | Note
-------+----------+-------------------------------------------
     0 | D        | sircluck the Hill Orc Fighter began the quest for the Orb.
     0 | D        | Reached XP level 1. HP: 19/19 MP: 1/1
     1 | D        | Noticed Ijyb
     5 | D        | Killed Ijyb
     6 | D        | Reached skill level 5 in Fighting
     6 | D        | Reached skill level 3 in Axes
     6 | D        | Reached XP level 2. HP: 10/29 MP: 2/2
    86 | D        | Noticed an ogre
    90 | D        | Killed an ogre
    91 | D        | Reached skill level 4 in Axes
    91 | D        | Reached XP level 3. HP: 11/38 MP: 3/3
    91 | D        | Reached XP level 4. HP: 13/45 MP: 4/4
   210 | D        | Noticed Sigmund
   221 | D        | Killed Sigmund
   222 | D        | Reached skill level 6 in Axes
   222 | D        | Reached XP level 5. HP: 25/56 MP: 5/5
   222 | D        | Reached XP level 6. HP: 28/62 MP: 6/6
   236 | D        | Found an ornate altar of the Wu Jian Council.
   236 | D        | Found a shimmering blue altar of Sif Muna.
   336 | D        | Found a radiant altar of Vehumet.
   340 | D        | Reached skill level 7 in Axes
   372 | D        | Found Jaung's Book Emporium.
   372 | D        | Found an ancient bone altar of Kikubaaqudgha.
   372 | D        | Found a hazy altar of Hepliaklqana.
   372 | D        | Found a stormy altar of Qazlal.
   372 | D        | Found a hide-covered altar of Uskayaw.
   372 | D        | Found a blossoming altar of Fedhas.
   372 | D        | Found a bloodstained altar of Trog.
   372 | D        | Found an iron altar of Okawaru.
   372 | D        | Found a basalt altar of Yredelemnul.
   372 | D        | Found a glowing golden altar of the Shining One.
   372 | D        | Found a snail-covered altar of Cheibriados.
   372 | D        | Found a sacrificial altar of Ru.
   372 | D        | Found a glowing silver altar of Zin.
   372 | D        | Found a shadowy altar of Dithmenos.
   372 | D        | Found a white marble altar of Elyvilon.
   372 | D        | Noticed a yak
   380 | D        | Killed a yak
   381 | D        | Reached skill level 8 in Axes
   381 | D        | Reached skill level 1 in Evocations
   381 | D        | Found an opulent altar of Gozag.
   382 | D        | Found a sparkling altar of Nemelex Xobeh.
   386 | D        | Became a worshipper of Nemelex Xobeh the Trickster
   410 | D        | Found a burning altar of Makhleb.
   410 | D        | Found a viscous altar of Jiyva.
   410 | D        | Found a shimmering altar of Xom.
   410 | D        | Found a corrupted altar of Lugonu.
   410 | D        | Noticed a slime creature
   423 | D        | Killed a slime creature
   424 | D        | Reached skill level 10 in Fighting
   424 | D        | Reached skill level 9 in Axes
   424 | D        | Reached XP level 7. HP: 55/72 MP: 7/7
   477 | D        | Noticed a kobold demonologist
   477 | D        | Noticed a kobold demonologist
   479 | D        | Paralysed by a floating eye for 3 turns
   480 | D        | Noticed a smoke demon
   483 | D        | Noticed a rust devil
   484 | D        | Reached skill level 10 in Axes
   484 | D        | Reached skill level 1 in Dodging
   486 | D        | Noticed a chaos spawn
   488 | D        | Noticed an ice devil
   488 | D        | Noticed a neqoxec
   509 | D        | Killed a kobold demonologist
   510 | D        | Reached skill level 11 in Axes
   510 | D        | Reached skill level 10 in Armour
   510 | D        | Reached XP level 8. HP: 54/82 MP: 8/8
   515 | D        | Killed a kobold demonologist
   516 | D        | Reached skill level 12 in Axes
   624 | D        | Noticed Sonja
   637 | D        | HP: 1/82 [Sonja/+2 short sword of distortion (5)]
   644 | D        | HP: 3/123 [Sonja/+2 short sword of distortion (15)]
   645 | D        | Demolished by Sonja

Illustrated notes

Levels and vault maps discovered:
D:        dungeon_sprint_1 [red_sonja_temple_1, red_sonja_temple_small_1]

Skill      XL: |  1  2  3  4  5  6  7  8 |
---------------+-------------------------+-----
Fighting       | 5 6 8 10 11 | 11.5
Axes           | 3 4 6 9 11 12 | 12.9
Armour         | 4 6 8 9 10 | 10.5
Shields        | 4 6 7 8 9 |  9.3
Evocations     | 1 |  1.5
Dodging        | 1 |  1.7

Action                     |  1- 3 |  4- 6 |  7- 9 || total
---------------------------+-------+-------+-------++-------
  Melee: War axe           |     5 |    30 |    28 ||    63
  Evoke: Wand              |     2 |       |       ||     2
    Use: Potion            |       |       |     3 ||     3
         Scroll            |       |       |     1 ||     1
 Armour: Ring mail         |       |    10 |    33 ||    43
  Dodge: Dodged            |       |     9 |    14 ||    23
  Block: Buckler           |     1 |     3 |    18 ||    22

Table legend: (Time is in decaauts)
 A = Elapsed time spent in this place.
 B = Non-inter-level travel time spent in this place.
 C = Inter-level travel time spent in this place.
 D = Time resting spent in this place.
 E = Time spent auto-exploring this place.
 F = Levels seen in this place.
 G = Mean time per level.
                   A        B        C        D        E       F      G
               +--------+--------+--------+--------+--------+-----+--------+
         Total |    648 |    614 |     34 |    211 |    175 |   1 |  648.0 |
       Dungeon |    648 |    614 |     34 |    211 |    175 |   1 |  648.0 |
               +--------+--------+--------+--------+--------+-----+--------+

Top non-repeatable levels by time:
       D: 648 daAuts
